 Dungeon Crawl Stone Soup version 0.25.1-2-g60ff931df9 (webtiles) character file.

Game seed: 11736708995922583102

618 Johnny the Chiller (level 7, 0/50 HPs)
             Began as a Demigod Ice Elementalist on Aug 22, 2020.
             Slain by an ice beast (13 damage)
             ... on level 5 of the Dungeon.
             The game lasted 00:05:24 (4948 turns).

Johnny the Chiller (Demigod Ice Elementalist)       Turns: 4948, Time: 00:05:24

Health: 0/50       AC:  5    Str: 11    XL:     7   Next: 1%
Magic:  10/16      EV: 12    Int: 23    God:
Gold:   158        SH:  0    Dex: 16    Spells: 6/14 levels left

rFire    + . .     SeeInvis .   s - +2 mace (protect)
rCold    . . .     Gourm    .   (no shield)
rNeg     . . .     Faith    .   v - +2 leather armour {rF+}
rPois    .         Spirit   .   (no helmet)
rElec    .         Reflect  .   u - scarf {harm}
rCorr    .         Harm     +   (no gloves)
MR       .....                  (no boots)
Stlth    ++........             (no amulet)
HPRegen  0.16/turn              (no ring)
MPRegen  0.15/turn              (no ring)

@: frozen ramparts
A: high mp 1
a: no special abilities


You were on level 5 of the Dungeon.
You were not hungry.

You visited 1 branch of the dungeon, and saw 4 of its levels.

You collected 158 gold pieces.

Inventory:

Hand Weapons
 m - a +0 spear
 q - a +2 quarterstaff of chaos
 s - a +2 mace of protection (weapon)
 w - a +2 trident of freezing
Armour
 a - a +0 robe
 r - a +1 cloak
 u - a scarf of harm (worn)
 v - a +2 leather armour of fire resistance (worn)
Scrolls
 d - a scroll of enchant armour {unknown}
 e - 3 scrolls of amnesia {unknown}
 g - 2 scrolls of remove curse {unknown}
 j - a scroll of noise {unknown}
 k - a scroll of teleportation {unknown}
 l - 6 scrolls of identify {unknown}
 p - a scroll of magic mapping {unknown}
Potions
 b - a potion of curing
 f - a potion of berserk rage {unknown}
 h - 3 potions of magic {unknown}
 i - a potion of flight {unknown}
 o - 2 potions of stabbing {unknown}
 t - a potion of heal wounds {unknown}
Comestibles
 c - 9 rations
 n - 2 chunks of flesh


   Skills:
 - Level 1.7 Dodging
 - Level 1.7 Stealth
 + Level 4.0 Spellcasting
 * Level 6.9 Ice Magic


You had 6 spell levels left.
You knew the following spells:

 Your Spells              Type           Power        Failure   Level  Hunger
a - Freeze                Ice            ####         1%          1    None
b - Frozen Ramparts       Ice            #####.       2%          3    ##.....
c - Hailstorm             Conj/Ice       ###.....     32%         4    ####...

Your spell library contained the following spells:

 Spells                   Type           Power        Failure   Level  Hunger
 Ozocubu's Armour         Chrm/Ice       ###.....     10%         3    ##.....
 Summon Ice Beast         Ice/Summ       ###.....     32%         4    ####...


Dungeon Overview and Level Annotations

Branches:
Dungeon (3/15)


Innate Abilities, Weirdness & Mutations

You have an increased reservoir of magic. (+10% MP)


Message History

You barely miss the ice beast.
The ice beast is heavily wounded.
The ice beast completely resists.
The wall freezes the ice beast but do no damage.
The ice beast hits you but does no damage.
You barely miss the ice beast.
The ice beast is heavily wounded.
The ice beast completely resists.
The wall freezes the ice beast but do no damage.
The ice beast hits you. The ice beast freezes you!
* * * LOW HITPOINT WARNING * * *
The ice beast completely resists.
The wall freezes the ice beast but do no damage.
The ice beast misses you.
You feel better.
The ice beast completely resists.
The wall freezes the ice beast but do no damage.
The ice beast hits you.
* * * LOW HITPOINT WARNING * * *
The ice beast freezes you!
You die...

..... .#. # ..%.
... # ... #.# #
..## #.# # ..# #.#
# .# #.# #.#
####.#####.#####.#
#..............Y@#
#[##.#####.#######
.....# #.# #.##.#
#.# #.##.# #.#
#....#####.#
####.......#
#########


You could see an ice beast.

Vanquished Creatures
  Sigmund (D:2)
  A howler monkey (D:5)
  2 crimson imps (D:5)
  2 orc priests (D:3)
  Crazy Yiuf (D:2)
  A jelly (D:3)
  4 orc wizards
  3 adders
  4 worms
  2 dart slugs (D:2)
  3 leopard geckos
  12 orcs
  6 bats
  14 goblins
  6 hobgoblins
  4 jackals (D:2)
  5 kobolds
  A quokka (D:2)
  A ball python (D:3)
  2 frilled lizards (D:2)
  9 rats
84 creatures vanquished.

Notes
Turn   | Place    | Note
-------+----------+-------------------------------------------
     0 | D:1      | Johnny the Demigod Ice Elementalist began the quest for the
                  | Orb.
     0 | D:1      | Reached XP level 1. HP: 14/14 MP: 5/5
   720 | D:1      | Reached skill level 4 in Ice Magic
   720 | D:1      | Reached XP level 2. HP: 19/20 MP: 4/7
  1315 | D:2      | Reached XP level 3. HP: 9/26 MP: 3/9
  1553 | D:2      | Found a runed translucent door.
  1554 | D:2      | Noticed Crazy Yiuf
  2407 | D:2      | Noticed Sigmund
  2526 | D:2      | Killed Sigmund
  2526 | D:2      | Reached skill level 5 in Ice Magic
  2526 | D:2      | Reached XP level 4. HP: 9/33 MP: 4/11
  2526 | D:2      | Reached XP level 5. HP: 11/38 MP: 4/12
  3386 | D:2      | Killed Crazy Yiuf
  3680 | D:3      | Reached skill level 6 in Ice Magic
  3680 | D:3      | Reached XP level 6. HP: 44/45 MP: 9/14
  3823 | D:3      | Found a shimmering altar of Xom.
  4518 | D:3      | Learned a level 3 spell: Frozen Ramparts
  4523 | D:3      | Learned a level 4 spell: Hailstorm
  4843 | D:3      | You fall into a shaft and drop 2 floors!
  4843 | D:5      | Entered Level 5 of the Dungeon
  4917 | D:5      | Reached XP level 7. HP: 40/50 MP: 13/16
  4948 | D:5      | Slain by an ice beast

Illustrated notes

Levels and vault maps discovered:
D:1:      matt_arrival_grand_opening, layout_loops_ring, hangedman_decor_lopped
D:2:      minmay_spotlight, layout_basic, serial_forest,
          infiniplex_forest_straight_1, infiniplex_forest_clump_tiny,
          infiniplex_forest_straight_4, infiniplex_forest_clump_long,
          infiniplex_forest_clump_C, infiniplex_forest_straight_3,
          uniq_crazy_yiuf_cottage, uniq_sigmund
D:3:      layout_basic, xom_teletrap_fun
D:5:      layout_loops_cross, uniq_blork_the_orc

Skill      XL: |  1  2  3  4  5  6 |
---------------+-------------------+-----
Spellcasting   | 2 3 4 |  4.0
Ice Magic      | 4 5 6 |  6.9
Dodging        | |  1.7
Stealth        | |  1.7

Action                   |  1- 3 |  4- 6 |  7- 9 || total
-------------------------+-------+-------+-------++-------
Melee: Unarmed           |    63 |     8 |       ||    71
       Spear             |       |    24 |       ||    24
       Mace              |       |    38 |    18 ||    56
 Cast: Freeze            |    67 |    32 |     1 ||   100
       Frozen Ramparts   |       |     3 |     3 ||     6
  Use: Potion            |       |     1 |     2 ||     3
 Stab: Sleeping          |     4 |     3 |       ||     7
  Eat: Chunk             |     5 |     8 |       ||    13
Armor: Robe              |    27 |    16 |       ||    43
       Leather armour    |       |     2 |    16 ||    18
Dodge: Dodged            |    87 |    70 |     9 ||   166
